 Dungeon Crawl Stone Soup version 0.30-a0-881-g1ff12e1e11 (webtiles) character file.

Game seed: 2979986272212583144

140 ooooo the Conjurer (level 5, 13/35 HPs)
             Began as a Demonspawn Conjurer on Mar 15, 2023.
             Quit the game on level 4 of the Dungeon.
             The game lasted 00:03:11 (1276 turns).

ooooo the Conjurer (Demonspawn Conjurer)            Turns: 1276, Time: 00:03:12

Health: 13/35      AC:  4    Str:  7    XL:     5   Next: 2%
Magic:  3/8        EV: 11    Int: 21    God:
Gold:   56         SH:  0    Dex: 12    Spells: 5/8 levels left

rFire   . . .      SeeInvis .    j - +0 dagger (venom)
rCold   . . .      Faith    .    (no shield)
rNeg    . . .      Spirit   .    i - +0 leather armour
rPois   .          Reflect  .    (no helmet)
rElec   .          Rampage  .    (no cloak)
rCorr   .                        h - +0 pair of gloves
Will    .....                    (no boots)
Stlth   ++                       (no amulet)
HPRegen 0.25/turn                (no ring)
MPRegen 0.11/turn                (no ring)

@: no status effects
A: hooves 1, foul stench 1
a: no special abilities


You were on level 4 of the Dungeon.
You visited 1 branch of the dungeon, and saw 3 of its levels.

You collected 56 gold pieces.

Inventory:

Hand Weapons
 c - a +0 dagger
 f - a +0 short sword
 j - a +0 dagger of venom (weapon)
Armour
 a - an orb of guile
 h - a +0 pair of gloves (worn)
 i - a +0 leather armour (worn)
Scrolls
 d - 2 scrolls of identify {unknown}
 e - a scroll of teleportation {unknown}
Potions
 g - a potion of curing {unknown}


   Skills:
 - Level 1.7 Dodging
 - Level 1.7 Stealth
 - Level 2.0 Spellcasting
 + Level 6.3 Conjurations


You had 5 spell levels left.
You knew the following spells:

 Your Spells              Type           Power      Damage    Failure   Level
a - Searing Ray           Conj           56%        2d6       2%          2
b - Magic Dart            Conj           100%       1d8       1%          1

Your spell library contained the following spells:

 Spells                   Type           Power      Damage    Failure   Level
 Dazzling Flash           Conj/Hex       30%        N/A       19%         3
 Fulminant Prism          Conj/Hex       7%         3d7       52%         4
 Iskenderun's Mystic Bla  Conj/Tloc      15%        2d5       52%         4
 Call Canine Familiar     Summ           2%         N/A       54%         3
 Kindle Blastsparks       Fire/Tloc/Air  4%         2d10      54%         3
 Portal Projectile        Hex/Tloc       4%         N/A       54%         3
 Leda's Liquefaction      Hex/Erth       1%         N/A       91%         4
 Lee's Rapid Deconstruct  Erth           1%         3d4*      99%         5


Dungeon Overview and Level Annotations

Branches:
Dungeon (2/15) Zot: 16726

Altars:
Cheibriados
Vehumet


Innate Abilities, Weirdness & Mutations

You have large cloven feet.
You may rarely emit foul miasma when damaged in melee.


Message History

(Press . to maintain the ray.)
The black bear barely misses you.
The black bear claws you but does no damage.
The black bear claws you.
The searing ray misses the black bear.
The black bear closely misses you. The black bear misses you.
The black bear completely misses you.
Unknown command.
The searing ray hits the black bear.
The black bear is moderately wounded.
The black bear closely misses you.
The black bear claws you but does no damage.
The black bear barely misses you.
Unknown command.
Unknown command.
The searing ray hits the black bear!
The black bear is heavily wounded.
You finish channelling your searing ray.
The black bear bites you. The black bear misses you.
The black bear claws you but does no damage.
You aren't carrying any items that you can evoke.
Magic courses through your body. The black bear barely misses you.
The black bear claws you. x2
Casting: Searing Ray (safe; 3% risk of failure)
Confirm with . or Enter, or press ? or * to list all spells.
Aiming: Searing Ray (safe; 3% risk of failure)
Press: ? - help, Shift-Dir - straight line, f/p - black bear
Aim: a black bear (heavily wounded, 85% to hit)
The searing ray hits the black bear!
The black bear is severely wounded. (Press . to maintain the ray.)
The black bear bites you. The black bear claws you.
The black bear claws you but does no damage.
The searing ray hits the black bear!
You kill the black bear!
Your Conjurations skill increases to level 6!
You have reached level 4!
You feel agile.
Your demonic ancestry asserts itself...
You begin to emit a foul stench of rot and decay.
You have reached level 5!
Are you sure you want to abandon this character and quit the game? (Confirm with "yes".)

##### ...... ..... ...
..#######.#####
.......@>......
###########.†......
####.#†#.#####.#.#.#.#
#..#.#.#.#.8##........
#_.............#.#.#.#
#8....................
##.#.#.#.#.8##.#.#.#.#
#.#.#.###_###........
####### ### #.#.#.#.#


There were no monsters in sight!

Vanquished Creatures
  A black bear (D:4)
  An adder (D:4)
  A dart slug (D:1)
  An endoplasm (D:1)
  A giant cockroach (D:2)
  5 goblins (D:1)
  5 hobgoblins (D:1)
  6 jackals (D:1)
  A kobold (D:1)
  2 ball pythons (D:1)
  3 bats (D:1)
  4 frilled lizards (D:1)
  2 rats
33 creatures vanquished.

Notes
Turn   | Place    | Note
-------+----------+-------------------------------------------
     0 | D:1      | ooooo the Demonspawn Conjurer began the quest for the Orb.
     0 | D:1      | Reached XP level 1. HP: 13/13 MP: 3/3
   248 | D:1      | Gained mutation: You have large cloven feet. [demonic
                  | ancestry]
   248 | D:1      | Reached XP level 2. HP: 19/19 MP: 1/5
   316 | D:1      | Learned a level 2 spell: Searing Ray
   861 | D:1      | Reached skill level 5 in Conjurations
   924 | D:1      | Reached XP level 3. HP: 24/24 MP: 3/6
  1062 | D:1      | Found a faded altar of an unknown god.
  1209 | D:2      | You fall into a shaft and drop 2 floors!
  1209 | D:4      | Found a snail-covered altar of Cheibriados.
  1259 | D:4      | Found a radiant altar of Vehumet.
  1264 | D:4      | Noticed a black bear
  1275 | D:4      | Killed a black bear
  1276 | D:4      | Reached skill level 6 in Conjurations
  1276 | D:4      | Gained mutation: You may rarely emit foul miasma when
                  | damaged in melee. [demonic ancestry]
  1276 | D:4      | Reached XP level 4. HP: 11/30 MP: 3/7
  1276 | D:4      | Reached XP level 5. HP: 13/35 MP: 3/8
  1276 | D:4      | Quit the game

Illustrated notes

Levels and vault maps discovered:
D:1:      minmay_arrival_doors, layout_loops_cross,
          dreamdust_ecumenical_altar_statues
D:2:      layout_loops_ring
D:4:      minmay_razor_zed, layout_basic, minitemple, glass_columns_c

Skill      XL: |  1  2  3 |
---------------+----------+-----
Conjurations   | 5 6 |  6.3
Dodging        | |  1.7
Stealth        | |  1.7
Spellcasting   | |  2.0

Action                     |  1- 3 |  4- 6 || total
---------------------------+-------+-------++-------
  Melee: Short sword       |    14 |       ||    14
         Kick              |     6 |       ||     6
         Dagger            |    13 |       ||    13
   Cast: Magic Dart        |    12 |       ||    12
         Searing Ray       |    13 |       ||    13
    Use: Potion            |     1 |       ||     1
   Stab: Sleeping          |     2 |       ||     2
 Armour: Leather armour    |    17 |       ||    17
         Robe              |     2 |       ||     2
  Dodge: Dodged            |    34 |       ||    34

Table legend: (Time is in decaauts)
 A = Elapsed time spent in this place.
 B = Non-inter-level travel time spent in this place.
 C = Inter-level travel time spent in this place.
 D = Time resting spent in this place.
 E = Time spent auto-exploring this place.
 F = Levels seen in this place.
 G = Mean time per level.
                   A        B        C        D        E       F      G
               +--------+--------+--------+--------+--------+-----+--------+
         Total |   1273 |   1254 |     19 |    331 |    591 |   3 |  424.3 |
       Dungeon |   1273 |   1254 |     19 |    331 |    591 |   3 |  424.3 |
               +--------+--------+--------+--------+--------+-----+--------+

Top non-repeatable levels by time:
     D:1: 1126 daAuts
     D:2: 80 daAuts
     D:4: 66 daAuts
